 Dungeon Crawl Stone Soup version 0.29-a0-82-g837932c90e (webtiles) character file.

Game seed: 12985385284214377560

105419 esteth the Spry (level 15, 0/86 HPs)
             Began as a Deep Elf Conjurer on Feb 4, 2022.
             Was a High Priest of Vehumet.
             Succumbed to a swamp dragon's poison gas
             ... on level 3 of the Swamp.
             The game lasted 01:36:26 (27704 turns).

esteth the Spry (Deep Elf Conjurer)                Turns: 27704, Time: 01:36:26

Health: 0/86       AC: 16    Str:  4    XL:     15   Next: 94%
Magic:  19/42      EV: 19    Int: 31    God:    Vehumet [*****.]
Gold:   1536       SH:  0    Dex: 13    Spells: 1/38 levels left

rFire   + + .      SeeInvis .   w - +4 whip "Goivvaqi" {holy, Fly rF+}
rCold   . . .      Faith    .   (no shield)
rNeg    . . .      Spirit   .   y - +2 robe {rF+}
rPois   .          Reflect  .   N - +2 hat
rElec   .          Harm     .   S - scarf {repulsion}
rCorr   .          Rampage  .   H - +2 pair of gloves
Will    +....                   m - +2 pair of boots {Fly}
Stlth   ++........              d - amulet of magic regeneration
HPRegen 0.24/turn               O - +4 ring of protection
MPRegen 0.68/turn               W - ring of magical power

@: lethally poisoned (0 -> -32), flying, studying Fire Magic, repel missiles
A: no striking features
a: Renounce Religion


You were on level 3 of the Swamp.
You worshipped Vehumet.
Vehumet was extremely pleased with you.
You visited 4 branches of the dungeon, and saw 26 of its levels.

You collected 1671 gold pieces.
You spent 135 gold pieces at shops.


   Skills:
 - Level 7.2 Fighting
 + Level 15.9 Dodging
 - Level 2.4 Stealth
 - Level 12.0 Spellcasting
 + Level 13.0 Conjurations
 - Level 10.5 Hexes
 - Level 12.4 Summonings
 - Level 15.5 Necromancy
 - Level 0.4 Air Magic
 - Level 7.5 Earth Magic
 - Level 0.5 Poison Magic


You had one spell level left.
You knew the following spells:

 Your Spells              Type           Power      Damage    Failure   Level
b - Borgnjor's Vile Clut  Necr/Erth      37%        N/A       1%          5
c - Mephitic Cloud        Conj/Pois/Air  47%        N/A       1%          3
f - Fulminant Prism       Conj/Hex       37%        3d18      1%          4
h - Haunt                 Necr/Summ      40%        N/A       7%          7
i - Iskenderun's Battles  Conj           79%        2d13      1%          5
m - Magic Dart            Conj           100%       1d8       0%          1
o - Orb of Destruction    Conj           39%        9d11      3%          7
F - Freezing Cloud        Conj/Ice/Air   23%        6-21      3%          5

Your spell library contained the following spells:

 Spells                   Type           Power      Damage    Failure   Level
 Irradiate                Conj/Tmut      28%        3d23      1%          5
 Animate Skeleton         Necr           100%       N/A       0%          1
 Pain                     Necr           100%       1d9       0%          1
 Searing Ray              Conj           100%       2d8       0%          2
 Vampiric Draining        Necr           86%        2d12      0%          3
 Corpse Rot               Necr/Air       100%       N/A       1%          2
 Ensorcelled Hibernation  Hex/Ice        100%       N/A       1%          2
 Passwall                 Tmut/Erth      34%        N/A       1%          2
 Static Discharge         Conj/Air       57%        N/A       1%          2
 Call Canine Familiar     Summ           77%        N/A       1%          3
 Dazzling Flash           Conj/Hex       100%       N/A       1%          3
 Portal Projectile        Hex/Tloc       100%       N/A       1%          3
 Dispel Undead            Necr           86%        3d28      1%          4
 Iskenderun's Mystic Bla  Conj/Tloc      56%        2d12      1%          4
 Leda's Liquefaction      Hex/Erth       32%        N/A       1%          4
 Excruciating Wounds      Necr           43%        N/A       1%          5
 Lightning Bolt           Conj/Air       28%        1d45      1%          5
 Ignite Poison            Fire/Tmut/Pois 19%        N/A       2%          3
 Swiftness                Air            21%        N/A       7%          3
 Passage of Golubria      Tloc           18%        N/A       26%         4
 Alistair's Intoxication  Tmut/Pois      13%        N/A       54%         5
 Eringya's Noxious Bog    Tmut/Pois      10%        N/A       63%         6
 Disjunction              Tloc           9%         N/A       100%        8
 Maxwell's Capacitive Co  Air            10%        ∞         100%        8

Inventory:

Hand Weapons
 w - the +4 whip "Goivvaqi" (weapon) {holy, Fly rF+}
   (You found it on level 7 of the Dungeon)

   It has been blessed by the Shining One to cause great damage to the undead
   and demons.
   rF:        It protects you from fire.
   Fly:       It grants you flight.
 V - a +4 demon whip of flaming
   (You took it off a hell knight on level 12 of the Dungeon)
Armour
 m - a +2 pair of boots of flying (worn)
   (You bought it in a shop on level 3 of the Dungeon)
 y - a +2 robe of fire resistance (worn)
   (You took it off a wight on level 7 of the Dungeon)
 H - a +2 pair of gloves (worn)
   (You found it on level 1 of the Lair of Beasts)
 N - a +2 hat (worn)
   (You found it on level 3 of the Lair of Beasts)
 S - a scarf of repulsion (worn)
   (You found it on level 9 of the Dungeon)
Jewellery
 d - an amulet of magic regeneration (around neck)
   (You found it on level 2 of the Dungeon)
 O - a +4 ring of protection (left hand)
   (You found it on level 2 of the Dungeon)
 R - a ring of resist corrosion
   (You found it on level 11 of the Dungeon)
 W - a ring of magical power (right hand)
   (You found it on level 4 of the Lair of Beasts)
Wands
 b - a wand of digging (31)
   (You found it on level 6 of the Lair of Beasts)
 B - a wand of iceblast (16)
   (You found it on level 8 of the Dungeon)
 D - a wand of flame (18)
   (You found it on level 3 of the Swamp)
 E - a wand of mindburst (14)
   (You found it on level 3 of the Swamp)
 P - a wand of acid (7)
   (You found it on level 6 of the Lair of Beasts)
 T - a wand of charming (5)
   (You found it on level 11 of the Dungeon)
 Z - a wand of polymorph (5)
   (You found it on level 15 of the Dungeon)
Scrolls
 a - 5 scrolls of teleportation {@r4}
 c - 4 scrolls of blinking {!r}
 j - 6 scrolls of noise {!r}
 o - 2 scrolls of holy word
 r - 3 scrolls of enchant weapon
 s - 2 scrolls of enchant armour
 t - 4 scrolls of immolation {!r!r}
 x - 2 scrolls of vulnerability {!r!r}
 F - a scroll of acquirement
 G - 2 scrolls of amnesia
 I - 2 scrolls of silence {!r}
 J - 3 scrolls of fog
 K - a scroll of torment {!r}
 L - 9 scrolls of magic mapping {!r}
 X - a scroll of brand weapon
Potions
 e - 2 potions of brilliance
 f - a potion of cancellation
 g - 4 potions of lignification {!q}
 h - 5 potions of haste {unknown}
 i - 4 potions of curing {@q1}
 k - a potion of invisibility
 l - 8 potions of flight
 n - 4 potions of might
 q - 6 potions of degeneration {unknown}
 v - a potion of mutation {!q}
 z - 3 potions of magic
 Q - a potion of berserk rage {!q}
 U - a potion of ambrosia {unknown}
Miscellaneous
 p - a phantom mirror
   (You found it on level 6 of the Lair of Beasts)
 u - a condenser vane
   (You found it on level 4 of the Lair of Beasts)
 A - a piece from Xom's chessboard (15/15)
   (You found it on level 4 of the Lair of Beasts)
 C - a lightning rod (4/4)
   (You found it on level 14 of the Dungeon)
 M - a tin of tremorstones (2/2)
   (You found it on level 3 of the Swamp)

Dungeon Overview and Level Annotations

Branches:
Dungeon (15/15)            Temple (0/1) D:7            Lair (6/6) D:8
  Swamp (4/4) Lair:2       Spider (1/4) Lair:3        Slime (0/5) Lair:5
    Orc (0/2) D:9          Vaults (0/5) D:14         Depths (0/4) D:15

Altars:
Dithmenos
Elyvilon
Gozag
Trog
Uskayaw
Vehumet
Yredelemnul
Lugonu

Shops:
D:3 [   D:6 [   D:9 (

Portals:
Abyss: D:5

Annotations:
D:2 exclusion: downstairs
D:3 exclusion: downstairs
D:5 2 runed translucent doors
D:14 exclusion: orange crystal statue
Lair:1 2 transporters, exclusions: 2 downstairs and oklob plant, Sosymneph's ghost, journeyman OpDe
Lair:3 exclusion: downstairs
Lair:4 1 runed translucent door, Samael12321's ghost, journeyman DjEE
Swamp:3 exclusion: fenstrider witch
Spider:1 Nikola

♣♣♣♣ ♣♣♣♣♣♣♣ ♣♣♣♣♣
♣..♣♣♣♣≈...≈♣ ♣♣...♣
♣.≈<♣♣≈≈≈>... ..≈≈≈♣♣
♣.≈≈.♣♣≈≈≈... .≈≈≈≈.♣♣♣♣
♣♣≈≈≈≈.†≈..≈.. ≈≈≈≈≈.≈.≈♣
♣♣♣♣♣.♣≈≈≈......≈≈ ≈≈≈≈≈..≈.♣
♣..≈≈..≈≈≈≈≈.♣♣≈≈≈ ≈≈.......♣
♣♣.w≈♣≈≈≈≈≈......≈≈ ≈....≈...♣
♣♣.@....≈≈≈.....≈≈≈≈
.§....≈≈.♣
♣♣♣..≈≈≈≈≈.....≈..≈≈§.
.♣≈≈≈≈≈≈≈♣
♣≈≈..≈.≈≈≈.≈≈♣≈.≈♣≈≈≈≈
§♣.≈≈≈≈≈.♣
♣♣♣.≈≈≈≈≈...≈♣♣♣♣♣♣.≈≈
....≈≈≈.♣♣♣♣..≈≈≈≈≈≈≈.≈≈.♣♣
♣♣.≈
≈≈♣♣....♣♣♣...≈≈≈≈≈≈...[≈≈♣♣
♣..
≈≈.≈≈....≈♣♣..≈≈≈≈≈≈<..≈≈..♣♣
♣♣.
..........♣♣♣.≈≈≈≈≈≈...≈≈≈..♣♣
♣♣
..≈≈≈.≈≈≈.♣♣♣.≈≈≈≈≈≈..≈≈≈^.≈.♣
♣


You could see a tyrant leech.


Message History

Your Conjurations skill increases to level 13! 😎 MP[-3]
You lost 3 mp, and now have 30/42 mp.
Casting: Orb of Destruction (dangerous; 3% risk of failure)
Confirm with . or Enter, or press ? or * to list all spells.
Aiming: Orb of Destruction (dangerous; 3% risk of failure)
Press: ? - help, Shift-Dir - straight line, f/p - swamp dragon
Aim: a swamp dragon (ally target)
You are engulfed in poison gas.
You are poisoned.
You feel very sick.
Your battlesphere fires!
The barrage of energy hits the tyrant leech!
Your battlesphere expends the last of its energy and dissipates.
A swamp dragon comes into view.
The swamp dragon is engulfed in freezing vapours. 😕 HP[-6] MP[-7]
You take 6 damage, and now have 80/86 hp.
You lost 7 mp, and now have 23/42 mp.
You are engulfed in poison gas.
You are more poisoned.
You feel extremely sick.
The orb of destruction hits the swamp dragon!!!
The swamp dragon is engulfed in freezing vapours. x2 😕 HP[-9] MP[+1]
You take 9 damage, and now have 71/86 hp.
Casting: Orb of Destruction (dangerous; 3% risk of failure)
Confirm with . or Enter, or press ? or * to list all spells.
Aiming: Borgnjor's Vile Clutch (dangerous; 1% risk of failure)
Press: ? - help, Shift-Dir - straight line, f/p - swamp dragon
Aim: a swamp dragon (poison gas, severely wounded, ally target, 100% to hit)
Zombie hands grab the swamp dragon.
The swamp dragon roars deafeningly!
You are engulfed in poison gas.
You are more poisoned.
The zombie hands constrict the swamp dragon.
You feel extremely sick.
Your orb of destruction hits a mangrove.
The swamp dragon is engulfed in freezing vapours.
You kill the swamp dragon!
Vehumet accepts your kill.
You feel your power returning.
The swamp dragon struggles to escape constriction.
The swamp dragon is engulfed in freezing vapours. 😮 HP[-14] MP[-1]
You take 14 damage, and now have 57/86 hp.
You lost 1 mp, and now have 23/42 mp.
Casting: Borgnjor's Vile Clutch (dangerous; 1% risk of failure)
Confirm with . or Enter, or press ? or * to list all spells.
Aiming: Magic Dart (safe; 0% risk of failure)
Press: ? - help, Shift-Dir - straight line, f/p - swamp dragon
Aim: a swamp dragon (severely wounded, constricted by zombie hands, 100% to hit)
The magic dart hits the swamp dragon.
The zombie hands constrict the swamp dragon!
You feel extremely sick.
The swamp dragon struggles to escape constriction.
The swamp dragon is engulfed in freezing vapours. 😮 HP[-6] MP[-1]
You take 6 damage, and now have 51/86 hp.
You lost 1 mp, and now have 22/42 mp.
Casting: Magic Dart (safe; 0% risk of failure)
Confirm with . or Enter, or press ? or * to list all spells.
You conjure a globe of magical energy.
The zombie hands constrict the swamp dragon!
You kill the swamp dragon!
Vehumet accepts your kill.
You feel your power returning.
You feel very sick. 😮 HP[-6]
You take 6 damage, and now have 45/86 hp.
Casting: Iskenderun's Battlesphere (safe; 1% risk of failure)
Confirm with . or Enter, or press ? or * to list all spells.
Aiming: Borgnjor's Vile Clutch (dangerous; 1% risk of failure)
Press: ? - help, Shift-Dir - straight line, f - tyrant leech
Aim: a tyrant leech (lightly wounded, 100% to hit)
Zombie hands grab the tyrant leech.
The zombie hands constrict the tyrant leech!
You feel very sick. The tyrant leech bites you!
* * * LOW HITPOINT WARNING * * *
The tyrant leech draws strength from your injuries!
The swamp dragon breathes poison at you.
The blast of poison misses you. 😨 HP[-19] MP[-4]
You take 19 damage, and now have 26/86 hp.
MASSIVE DAMAGE!! (PAUSE)
You lost 4 mp, and now have 18/42 mp.
The zombie hands release their grip on the tyrant leech.
You are engulfed in poison gas.
You are lethally poisoned!
* * * LOW HITPOINT WARNING * * *
x2 You feel extremely sick.
The tyrant leech bites you.
* * * LOW HITPOINT WARNING * * *
The tyrant leech draws strength from your injuries!
A mysterious force pulls you upwards. The hatch slams shut behind you.
Your summoned ally is left behind.
Your battlesphere wavers and loses cohesion.
Level annotation: exclusion: fenstrider witch You die...

Skill      XL: |  1  2  3  4  5  6  7  8  9 10 11 12 13 14 15 |
---------------+----------------------------------------------+-----
Conjurations   | 5 6 7 8 9 10 12 13 | 13.0
Spellcasting   | 4 5 8 10 12 | 12.0
Hexes          | 4 5 8 10 | 10.5
Fighting       | 1 4 6 7 |  7.2
Necromancy     | 1 6 9 11 13 14 15 | 15.5
Earth Magic    | 5 7 |  7.5
Summonings     | 2 7 10 11 12 | 12.4
Dodging        | 4 8 11 13 15 | 15.9
Stealth        | |  2.4
Air Magic      | |  0.4
Poison Magic   | |  0.5

Action                   |  1- 3 |  4- 6 |  7- 9 | 10-12 | 13-15 || total
-------------------------+-------+-------+-------+-------+-------++-------
Melee: Dagger            |       |     4 |    31 |       |       ||    35
       Whip              |       |       |     2 |    17 |    66 ||    85
       Punch             |       |       |       |       |     3 ||     3
 Cast: Magic Dart        |    60 |    65 |   135 |   157 |   288 ||   705
       Fulminant Prism   |       |    10 |    68 |    87 |    17 ||   182
       Mephitic Cloud    |       |     2 |       |       |       ||     2
       Borgnjor's Vile C |       |       |       |   120 |   239 ||   359
       Freezing Cloud    |       |       |       |     8 |    96 ||   104
       Orb of Destructio |       |       |       |       |    54 ||    54
       Haunt             |       |       |       |       |     3 ||     3
       Iskenderun's Batt |       |       |       |       |    29 ||    29
Evoke: Wand              |       |     5 |       |       |       ||     5
  Use: Scroll            |       |     1 |     7 |     5 |    15 ||    28
       Potion            |       |     4 |       |       |     1 ||     5
Armor: Robe              |     1 |     8 |    40 |    34 |    72 ||   155
Dodge: Dodged            |       |    21 |    68 |    55 |   167 ||   311
       Repelled          |       |       |       |     3 |     7 ||    10

Levels and vault maps discovered:
D:1:      nzn_arrival_crosshair, layout_basic, minmay_cupped
D:2:      cheibrodos_old_hovel, layout_loops_ring,
          dreamdust_ecumenical_altar_statues
D:3:      layout_basic, mainiacjoe_overflow_paths, serial_shops, shop,
          uniq_jessica
D:4:      layout_rooms, nicolae_dithmenos_through_a_glass_darkly,
          chequers_serial_rivers_micro_a, nicolae_figureground_pulse,
          uniq_duvessa
D:5:      due_chaos_kobolds, layout_basic, uniq_eustachio, uniq_edmund,
          uniq_ijyb
D:6:      corexii_shantytown, layout_loops_ring, nicolae_stop_n_shop_1,
          minivault_25, uniq_prince_ribbit1, uniq_blork_the_orc
D:7:      layout_gridville, mainiacjoe_overflow_small_starburst,
          kennysheep_ying_yang, minmay_temple_entry_hall
D:8:      layout_gridville, lair_entry_dummy, nicolae_ossuary_entry_ruins,
          minmay_crystal_room
D:9:      layout_roguey, david_orc_4, serial_shops, shop, fungi_pond_lemuel,
          grunt_decor_junction, uniq_joseph, uniq_erica, uniq_maurice,
          uniq_maggie
D:10:     layout_layer_cave, old_standard_altar
D:11:     layout_cave_pools
D:12:     layout_irregular_city, minmay_rotating_lava
D:13:     dreamdust_black_sun_cult, layout_long_grid, amethyst_killhole
D:14:     minmay_statue_hallways, layout_loops_ring, erik_vaults_1,
          portal_ice_cave_entry_ice_statue_one, bh_walls_and_bars,
          tgw_lugonu_bribe
D:15:     gammafunk_enter_depths_forms, layout_loops_ring
Lair:1:   layout_gridlike, nzn_ghost_randoct
Lair:2:   layout_loops_ring, minmay_swamp_entry_reptiles, basic_altar,
          grunt_megastairs_1, lemuel_fruit_tree
Lair:3:   layout_cave_pods, spider_nest_entry_a, gammafunk_ghost_ooze,
          minmay_lair_oklob_bushes, chequers_serial_rivers_micro_c,
          beast_lair_carwin_8, lemuel_fruit_fields
Lair:4:   layout_long_grid, ebering_ghost_inner_flame, minivault_24,
          nicolae_lair_lil_pond, minmay_lair_oklob_items
Lair:5:   layout_gridlike, minmay_slime_entry_jelly_boxes
Lair:6:   evilmike_catoblepas_cave, layout_gridlike, grunt_megastairs_4
Swamp:1:  layout_falls_marsh, evilmike_swamp_ruin_rubble_2
Swamp:2:  layout_falls_marsh, evilmike_swamp_ruin_house_5, swamp_pool4,
          infiniplex_staircase_pool_2
Swamp:3:  layout_basic_swamp, hangedman_swamp_ruin_wall, swamp_pool1,
          hangedman_swamp_diagram, infiniplex_staircase_pool
Swamp:4:  swamp_alternative, layout_basic_swamp
Spider:1: layout_spider_delve, nicolae_spider_some_kinda_spiderbox, uniq_nikola,
          uniq_mlioglotl

Notes
Turn   | Place    | Note
-------+----------+-------------------------------------------
     0 | D:1      | esteth the Deep Elf Conjurer began the quest for the Orb.
     0 | D:1      | Reached XP level 1. HP: 10/10 MP: 6/6
     0 | D:1      | magus.rc [v1.11.3]
   285 | D:1      | You pick up a book of Necromancy and begin reading...
   285 | D:1      | You add the spells Pain, Animate Skeleton and Vampiric
                  | Draining to your library.
   368 | D:1      | Reached XP level 2. HP: 15/15 MP: 4/8
   911 | D:1      | Reached skill level 5 in Conjurations
  1334 | D:2      | Found a faded altar of an unknown god.
  1337 | D:2      | Reached XP level 3. HP: 19/19 MP: 7/10
  2464 | D:3      | Noticed Jessica
  2490 | D:3      | Killed Jessica
  2491 | D:3      | Reached skill level 4 in Spellcasting
  2491 | D:3      | Reached XP level 4. HP: 24/24 MP: 10/12
  2504 | D:3      | Learned a level 4 spell: Fulminant Prism
  2521 | D:3      | Reached skill level 6 in Conjurations
  2611 | D:3      | Found a radiant altar of Vehumet.
  2625 | D:3      | Found Sekhliuzo's Antique Armour Boutique.
  2635 | D:3      | Became a worshipper of Vehumet
  2649 | D:3      | Bought a pair of embroidered boots for 135 gold pieces
  2849 | D:3      | You add the spells Ignite Poison, Mephitic Cloud and
                  | Freezing Cloud to your library.
  2854 | D:3      | Learned a level 3 spell: Mephitic Cloud
  2957 | D:4      | Noticed Duvessa
  2958 | D:4      | Noticed Dowan
  3034 | D:4      | You pick up a book of the Hunter and begin reading...
  3034 | D:4      | You add the spells Call Canine Familiar, Portal Projectile
                  | and Leda's Liquefaction to your library.
  3435 | D:4      | Found a shadowy altar of Dithmenos.
  3463 | D:4      | Reached XP level 5. HP: 28/28 MP: 9/13
  3508 | D:5      | Entered Level 5 of the Dungeon
  3508 | D:5      | Noticed Eustachio
  3536 | D:5      | Noticed Ijyb
  3556 | D:5      | HP: 5/28 [Ijyb (4)]
  3564 | D:5      | Paralysed by Ijyb for 7 turns
  3581 | D:4      | HP: 6/28 [Ijyb (3)]
  3584 | D:4      | Killed Ijyb
  3585 | D:4      | Reached skill level 1 in Hexes
  3941 | D:5      | Noticed a centaur
  3950 | D:5      | HP: 5/28 [centaur/arrow (3)]
  4267 | D:4      | Killed Dowan
  4267 | D:4      | Killed Duvessa
  4268 | D:4      | Reached skill level 4 in Hexes
  4268 | D:4      | Reached XP level 6. HP: 10/32 MP: 6/14
  4568 | D:5      | Noticed Edmund
  4585 | D:5      | Killed Edmund
  4586 | D:5      | Reached skill level 7 in Conjurations
  4586 | D:5      | Reached skill level 5 in Hexes
  4641 | D:5      | Found a large runed translucent door.
  4642 | D:5      | Found a large runed translucent door.
  4642 | D:5      | Found a corrupted altar of Lugonu.
  4697 | D:5      | Reached XP level 7. HP: 21/36 MP: 11/15
  4959 | D:5      | Reached skill level 6 in Hexes
  5019 | D:5      | Reached skill level 7 in Hexes
  5082 | D:5      | Killed Eustachio
  5088 | D:5      | Reached skill level 8 in Hexes
  5184 | D:5      | You pick up a book of Burglary and begin reading...
  5184 | D:5      | You add the spells Passwall, Ensorcelled Hibernation and
                  | Swiftness to your library.
  5241 | D:5      | Found a one-way gate to the infinite horrors of the Abyss.
  5485 | D:6      | Reached skill level 8 in Conjurations
  5485 | D:6      | Reached XP level 8. HP: 18/41 MP: 6/16
  5794 | D:6      | Reached skill level 9 in Hexes
  5883 | D:6      | Reached * piety under Vehumet
  5883 | D:6      | Offered knowledge of Sandblast by Vehumet.
  6251 | D:6      | Noticed Prince Ribbit
  6281 | D:6      | Killed Prince Ribbit
  6282 | D:6      | Reached skill level 10 in Hexes
  6437 | D:6      | Found Sobageoch's Antique Armour Boutique.
  6498 | D:6      | Noticed Blork the orc
  6505 | D:6      | Killed Blork the orc
  6506 | D:6      | Reached skill level 5 in Spellcasting
  6506 | D:6      | Reached skill level 9 in Conjurations
  6731 | D:7      | Reached skill level 1 in Fighting
  6743 | D:7      | HP: 10/43 [killer bee (5)]
  6795 | D:7      | Offered knowledge of Foxfire by Vehumet.
  6796 | D:7      | Reached XP level 9. HP: 19/47 MP: 14/19
  6804 | D:7      | Reached ** piety under Vehumet
  6885 | D:7      | Reached skill level 2 in Fighting
  6903 | D:7      | Reached skill level 6 in Spellcasting
  7122 | D:7      | Identified the +4 whip "Goivvaqi" {holy, Fly rF+}
  7168 | D:7      | Found a basalt altar of Yredelemnul.
  7173 | D:7      | Identified a scroll of acquirement
  7437 | D:7      | Found a white marble altar of Elyvilon.
  7574 | D:7      | Reached skill level 3 in Fighting
  7574 | D:7      | Reached skill level 7 in Spellcasting
  7589 | D:7      | Reached skill level 10 in Conjurations
  7643 | D:7      | Offered knowledge of Static Discharge by Vehumet.
  7676 | D:7      | Found a bloodstained altar of Trog.
  7759 | D:7      | Found a staircase to the Ecumenical Temple.
  7844 | D:7      | Acquired the Collected Works on the Dark Traveller
  7845 | D:7      | You add the spells Corpse Rot, Dispel Undead, Passage of
                  | Golubria, Excruciating Wounds, Haunt and Disjunction to
                  | your library.
  7853 | D:8      | Found a staircase to the Lair.
  7968 | D:8      | Reached skill level 4 in Fighting
  7968 | D:8      | Reached skill level 8 in Spellcasting
  8086 | D:8      | You add the spells Alistair's Intoxication, Borgnjor's Vile
                  | Clutch and Eringya's Noxious Bog to your library.
  8093 | D:8      | Learned a level 5 spell: Borgnjor's Vile Clutch
  8167 | D:8      | HP: 13/52 [spore (34)]
  8172 | D:8      | Reached skill level 1 in Necromancy
  8172 | D:8      | Reached XP level 10. HP: 13/57 MP: 20/24
  8356 | D:8      | Reached *** piety under Vehumet
  8357 | D:8      | Reached skill level 1 in Earth Magic
  8654 | D:8      | Noticed a two-headed ogre
  8663 | D:8      | Killed a two-headed ogre
  8664 | D:8      | Reached skill level 2 in Necromancy
  8664 | D:8      | Reached skill level 2 in Earth Magic
  8846 | D:8      | Reached skill level 3 in Necromancy
  9071 | D:9      | Noticed Maggie
  9088 | D:9      | Killed Maggie
  9089 | D:9      | Reached skill level 3 in Earth Magic
  9097 | D:9      | Reached skill level 5 in Fighting
  9123 | D:9      | Noticed Maurice
  9130 | D:9      | Killed Maurice
  9131 | D:9      | Reached skill level 4 in Necromancy
  9208 | D:9      | Noticed a two-headed ogre
  9218 | D:9      | Killed a two-headed ogre
  9219 | D:9      | Reached skill level 4 in Earth Magic
  9222 | D:9      | Noticed Joseph
  9239 | D:9      | Reached skill level 5 in Necromancy
  9241 | D:9      | Killed Joseph
  9241 | D:9      | Offered knowledge of Stone Arrow by Vehumet.
  9340 | D:9      | Found Deydgh's Weapon Shop.
  9384 | D:9      | Reached skill level 5 in Earth Magic
  9426 | D:9      | Noticed Erica
  9440 | D:9      | Killed Erica
  9441 | D:9      | Reached skill level 6 in Fighting
  9441 | D:9      | Reached skill level 6 in Necromancy
  9604 | D:9      | Reached **** piety under Vehumet
  9609 | D:9      | Reached XP level 11. HP: 54/64 MP: 22/25
  9687 | D:9      | Found a staircase to the Orcish Mines.
  9892 | D:10     | Entered Level 10 of the Dungeon
  9937 | D:10     | Found an opulent altar of Gozag.
  9979 | D:10     | Offered knowledge of Airstrike by Vehumet.
 10220 | Lair:1   | Entered Level 1 of the Lair of Beasts
 10227 | Lair:1   | Learned a level 5 spell: Freezing Cloud
 10281 | Lair:1   | Found a transporter.
 10290 | Lair:1   | Noticed Sosymneph's ghost (journeyman OpDe)
 10292 | Lair:1   | Noticed a six-headed hydra
 10294 | Lair:1   | Noticed an oklob plant
 10294 | Lair:1   | Noticed a four-headed hydra
 10417 | Lair:1   | Reached skill level 6 in Earth Magic
 10632 | Lair:1   | Found a transporter.
 10827 | Lair:1   | Reached skill level 7 in Necromancy
 11250 | Lair:2   | Found a staircase to the Swamp.
 11260 | Lair:1   | Reached skill level 9 in Spellcasting
 11308 | Lair:2   | Found a hide-covered altar of Uskayaw.
 11513 | Lair:2   | Reached skill level 7 in Earth Magic
 11515 | Lair:2   | Reached skill level 7 in Fighting
 11818 | Lair:2   | Identified the +1 robe "Hefify" {rF- Str+5}
 11974 | Lair:2   | Reached skill level 8 in Necromancy
 12041 | Lair:2   | Reached skill level 10 in Spellcasting
 12138 | Lair:2   | You pick up a book of Lightning and begin reading...
 12138 | Lair:2   | You add the spells Static Discharge, Lightning Bolt and
                  | Maxwell's Capacitive Coupling to your library.
 12486 | Lair:3   | Reached skill level 1 in Summonings
 12489 | Lair:3   | Reached skill level 3 in Dodging
 12536 | Lair:3   | Reached skill level 2 in Summonings
 12732 | Lair:3   | Reached skill level 4 in Dodging
 12755 | Lair:3   | Reached skill level 9 in Necromancy
 12755 | Lair:3   | Reached XP level 12. HP: 72/72 MP: 19/28
 12764 | Lair:3   | Reached skill level 3 in Summonings
 12811 | Lair:3   | Reached ***** piety under Vehumet
 12895 | Lair:3   | Offered knowledge of Lee's Rapid Deconstruction by Vehumet.
 12899 | Lair:3   | Reached skill level 5 in Dodging
 12945 | Lair:3   | Reached skill level 4 in Summonings
 12967 | Lair:3   | Found a hole to the Spider Nest.
 13105 | Lair:3   | You are sucked into a shaft and drop 3 floors!
 13105 | Lair:6   | Entered Level 6 of the Lair of Beasts
 13165 | Lair:6   | Noticed an eight-headed hydra
 13172 | Lair:6   | Killed an eight-headed hydra
 13325 | Lair:6   | Reached skill level 6 in Dodging
 13378 | Lair:6   | Reached skill level 5 in Summonings
 13378 | Lair:6   | Reached skill level 10 in Necromancy
 13488 | Lair:6   | Noticed a catoblepas
 13514 | Lair:6   | Killed a catoblepas
 13577 | Lair:6   | Noticed a death yak
 13597 | Lair:6   | Killed a death yak
 13597 | Lair:6   | Noticed a death yak
 13599 | Lair:6   | Noticed a death yak
 13600 | Lair:6   | Noticed a death yak
 13606 | Lair:6   | Killed a death yak
 13607 | Lair:6   | Reached skill level 7 in Dodging
 13607 | Lair:6   | Killed a death yak
 13608 | Lair:6   | Reached skill level 6 in Summonings
 13611 | Lair:6   | Killed a death yak
 13784 | Lair:4   | Reached skill level 11 in Necromancy
 13939 | Lair:4   | Identified the -3 pair of gloves of the Moon {Regen+}
 13969 | Lair:4   | Reached skill level 8 in Dodging
 14037 | Lair:4   | Reached skill level 7 in Summonings
 14472 | Lair:5   | Noticed a four-headed hydra
 14477 | Lair:5   | Killed a four-headed hydra
 14478 | Lair:5   | Reached XP level 13. HP: 76/76 MP: 16/29
 14738 | Lair:5   | Found a staircase to the Slime Pits.
 14783 | Lair:5   | Reached skill level 9 in Dodging
 15189 | Lair:6   | Reached skill level 12 in Necromancy
 15191 | Lair:6   | Reached skill level 8 in Summonings
 15229 | Lair:6   | Offered knowledge of Orb of Destruction by Vehumet.
 15241 | Lair:6   | Learned a level 7 spell: Orb of Destruction
 15249 | Lair:6   | Learned a level 7 spell: Haunt
 15275 | Lair:6   | Identified the ring of Ysseene {Fire *Slow Will+ rCorr
                  | Str+4}
 15612 | Lair:6   | Reached skill level 10 in Dodging
 15905 | Lair:6   | Reached skill level 9 in Summonings
 16007 | Lair:6   | Reached skill level 13 in Necromancy
 16523 | Lair:4   | Reached skill level 11 in Dodging
 16542 | Lair:4   | Identified the +1 ring mail of Rebadd {Harm Regen+ Int+4}
 16660 | Lair:4   | You pick up a book of the Hunter and begin reading...
 16717 | Lair:4   | Found a runed translucent door.
 16719 | Lair:4   | Noticed a dire elephant
 16720 | Lair:4   | Noticed Samael12321's ghost (journeyman DjEE)
 16853 | Lair:4   | Reached skill level 10 in Summonings
 17888 | D:10     | Reached XP level 14. HP: 82/82 MP: 30/30
 18452 | D:11     | Offered knowledge of Fireball by Vehumet.
 18520 | D:11     | Reached skill level 11 in Conjurations
 19099 | D:12     | Reached skill level 12 in Dodging
 19099 | D:12     | Reached skill level 11 in Spellcasting
 20375 | D:12     | Reached skill level 12 in Spellcasting
 20812 | D:13     | Reached skill level 12 in Conjurations
 20888 | D:13     | Reached skill level 13 in Dodging
 21499 | D:13     | Offered knowledge of Iskenderun's Battlesphere by Vehumet.
 21501 | D:13     | Reached skill level 14 in Necromancy
 21522 | D:13     | Learned a level 5 spell: Iskenderun's Battlesphere
 22241 | D:14     | Found a gate to the Vaults.
 22268 | D:14     | Reached skill level 11 in Summonings
 22320 | D:14     | Found a corrupted altar of Lugonu.
 22328 | D:14     | Got Lugonu's Disquisition on Arcane Weapons
 22435 | D:14     | Reached XP level 15. HP: 86/86 MP: 33/33
 23368 | D:15     | Entered Level 15 of the Dungeon
 23372 | D:15     | Reached skill level 14 in Dodging
 23471 | D:15     | You pick up a book of the Hunter and begin reading...
 24112 | D:15     | Reached skill level 15 in Necromancy
 24606 | D:15     | Found a staircase to the Depths.
 24995 | Spider:1 | Entered Level 1 of the Spider Nest
 24995 | Spider:1 | Noticed Nikola
 25036 | Swamp:1  | Entered Level 1 of the Swamp
 25350 | Swamp:1  | Reached skill level 12 in Summonings
 26364 | Swamp:2  | Offered knowledge of Irradiate by Vehumet.
 26404 | Swamp:2  | You are sucked into a shaft and drop 1 floor!
 26410 | Swamp:3  | Reached skill level 15 in Dodging
 26837 | Swamp:3  | Noticed a fenstrider witch
 27316 | Swamp:4  | Entered Level 4 of the Swamp
 27330 | Swamp:4  | HP: 14/86 [alligator (8)]
 27697 | Swamp:4  | Reached skill level 13 in Conjurations
 27703 | Swamp:4  | HP: 21/86 [swamp dragon] (5)]
 27703 | Swamp:4  | HP: 9/86 [tyrant leech (3)]
 27704 | Swamp:3  | Succumbed to a swamp dragon's poison gas

Vanquished Creatures
  A quicksilver ooze (shapeshifter) (D:15)
  A demonspawn black sun (D:13)
  5 eleionomae
  2 bunyips
  A great orb of eyes (D:15)
  7 hydras
  A rakshasa (D:15)
  3 boulder beetles
  Erica (D:9)
  4 catoblepae
  2 dancing weapons (D:14)
  4 alligators
  4 centaur warriors
  A death knight (D:12)
  6 two-headed ogres
  13 death yaks (Lair:6)
  A spriggan berserker (Swamp:3)
  3 sun demons (D:13)
  5 spriggans
  6 hell knights (D:12)
  A goliath frog (Swamp:3)
  A death drake (Swamp:2)
  A spriggan druid (Swamp:1)
  5 swamp dragons
  5 bog bodies
  A phantasmal warrior (D:12)
  An oklob plant (Lair:4)
  3 deep elf pyromancers
  A necromancer (D:12)
  5 cyclopes
  2 will-o-the-wisps (Swamp:1)
  5 manticores
  13 ugly things
  An ice statue (D:14)
  3 elephants (Lair:2)
  Maurice (D:9)
  4 black mambas
  Joseph (D:9)
  10 cane toads
  3 rime drakes
  2 unseen horrors
  11 komodo dragons
  2 freezing wraiths (D:12)
  Maggie (D:9)
  A nameless horror (D:15)
  An efreet (D:13)
  A kobold demonologist (D:10)
  2 bloated husks
  2 polar bears
  5 tyrant leeches
  19 blink frogs
  6 hornets
  Prince Ribbit (D:6)
  6 trolls
  14 slime creatures
  3 small abominations (D:13)
  2 jumping spiders (Lair:3)
  A jumping spider (shapeshifter) (D:14)
  A wraith (D:10)
  2 wyverns
  58 yaks
  A redback (Lair:3)
  Eustachio (D:5)
  12 vampire mosquitoes
  3 basilisks
  3 steam dragons
  Edmund (D:5)
  An acid dragon (D:12)
  6 swamp worms
  17 water moccasins
  Duvessa (D:4)
  7 hell hounds (D:12)
  3 swamp drakes
  2 ice beasts
  7 orc warriors
  2 sky beasts
  3 black bears
  A necrophage (D:8)
  7 wolves
  12 centaurs
  2 kobold brigands (D:9)
  Blork the orc (D:6)
  22 bullfrogs
  2 scorpions
  2 water moccasin zombies
  Dowan (D:4)
  9 killer bees (D:7)
  8 wights (D:7)
  3 howler monkeys (D:8)
  12 jellies
  2 lava snakes (D:9)
  2 bullfrog zombies (D:5)
  7 orc priests
  2 hounds
  Ijyb (D:4)
  Jessica (D:3)
  3 iguanas
  10 orc wizards
  A killer bee zombie (D:8)
  3 adders
  12 gnolls
  A shadow imp (D:7)
  3 white imps
  A dart slug (D:1)
  44 orcs
  2 ball pythons
  6 endoplasms
  2 giant cockroaches (D:3)
  6 goblins
  11 hobgoblins
  2 quokkas
  8 frilled lizards
  15 kobolds
  5 rats
581 creatures vanquished.

Vanquished Creatures (collateral kills)
  A ghost crab (Swamp:3)
  A slime creature (D:15)
  A freezing wraith (D:12)
3 creatures vanquished.

Vanquished Creatures (others)
  6 foxfires (Swamp:1)
  181 fulminant prisms
  31 fungi
  52 plants
270 creatures vanquished.

Grand Total: 854 creatures vanquished

Table legend:
 A = Non-vault XP
 B = Vault XP
 C = Vault XP percentage of total XP
 D = Non-vault monster count
 E = Vault monster count
 F = Vault count percentage of total count
                 A         B        C        D         E       F
            +---------+---------+-------+---------+---------+-------
      Total |  108485 |   42114 |  28.0 |     428 |     155 |  26.6
            +---------+---------+-------+---------+---------+-------
        D:1 |      28 |       5 |  15.2 |      16 |       3 |  15.8
        D:2 |      15 |       1 |   6.2 |       9 |       1 |  10.0
        D:3 |      66 |      37 |  35.9 |      11 |       1 |   8.3
        D:4 |      48 |     252 |  84.0 |       6 |       3 |  33.3
        D:5 |     560 |     358 |  39.0 |      14 |       2 |  12.5
        D:6 |     685 |     496 |  42.0 |      12 |      25 |  67.6
        D:7 |    2066 |       0 |   0.0 |      34 |       0 |   0.0
        D:8 |    2136 |       0 |   0.0 |      14 |       0 |   0.0
        D:9 |    1492 |    2905 |  66.1 |      23 |      23 |  50.0
       D:10 |    3689 |       0 |   0.0 |      11 |       0 |   0.0
       D:11 |    4687 |       0 |   0.0 |      19 |       0 |   0.0
       D:12 |    7880 |    6265 |  44.3 |      24 |      14 |  36.8
       D:13 |    8166 |    3785 |  31.7 |      25 |       7 |  21.9
       D:14 |    9587 |    2135 |  18.2 |      18 |       3 |  14.3
       D:15 |    4901 |    5210 |  51.5 |      13 |       8 |  38.1
     Lair:1 |    2630 |     157 |   5.6 |      10 |       1 |   9.1
     Lair:2 |    3550 |    1610 |  31.2 |      13 |       7 |  35.0
     Lair:3 |    4174 |    2232 |  34.8 |      20 |      12 |  37.5
     Lair:4 |    6652 |     617 |   8.5 |      29 |       1 |   3.3
     Lair:5 |    6375 |     425 |   6.2 |      22 |      13 |  37.1
     Lair:6 |    9521 |   13531 |  58.7 |      27 |      28 |  50.9
    Swamp:1 |    6936 |       0 |   0.0 |      15 |       0 |   0.0
    Swamp:2 |    6284 |       0 |   0.0 |      14 |       0 |   0.0
    Swamp:3 |   13011 |       0 |   0.0 |      24 |       0 |   0.0
    Swamp:4 |    3346 |    2093 |  38.5 |       5 |       3 |  37.5
            +---------+---------+-------+---------+---------+-------

Illustrated notes

Table legend:
 A = Kills in this place as a percentage of kills in entire the game.
 B = Kills by you in this place as a percentage of kills by you in the entire game.
 C = Kills by friends in this place as a percentage of kills by friends in the entire game.
 D = Other kills in this place as a percentage of other kills in the entire game.
 E = Experience gained in this place as a percentage of experience gained in the entire game.
 F = Experience gained in this place divided by the number of levels of this place that you have seen.
                   A       B       C       D       E      F
               +-------+-------+-------+-------+-------+----------------------
         Total | 100.0 | 100.0 | 100.0 |   N/A | 100.0 | 5792.3
       Dungeon |  58.1 |  58.1 |  66.7 |   N/A |  44.8 | 4497.0
          Lair |  31.4 |  31.6 |   0.0 |   N/A |  34.2 | 8579.0
         Swamp |  10.5 |  10.3 |  33.3 |   N/A |  21.0 | 7917.5
               +-------+-------+-------+-------+-------+----------------------

Table legend: (Time is in decaauts)
 A = Elapsed time spent in this place.
 B = Non-inter-level travel time spent in this place.
 C = Inter-level travel time spent in this place.
 D = Time resting spent in this place.
 E = Time spent auto-exploring this place.
 F = Levels seen in this place.
 G = Mean time per level.
                   A        B        C        D        E       F      G
               +--------+--------+--------+--------+--------+-----+--------+
         Total |  27726 |  26514 |   1212 |   3622 |  18384 |  26 | 1066.4 |
       Dungeon |  17717 |  16976 |    741 |   2130 |  12208 |  15 | 1181.1 |
          Lair |   7339 |   6910 |    429 |    721 |   4708 |   6 | 1223.2 |
         Swamp |   2667 |   2627 |     40 |    771 |   1468 |   4 |  666.8 |
   Spider Nest |      1 |      1 |      0 |      0 |      0 |   1 |    1.0 |
               +--------+--------+--------+--------+--------+-----+--------+

Top non-repeatable levels by time:
    D:12: 1874 daAuts
  Lair:6: 1838 daAuts
  Lair:1: 1460 daAuts
     D:4: 1456 daAuts
    D:15: 1381 daAuts
    D:14: 1363 daAuts
    D:13: 1354 daAuts
     D:6: 1269 daAuts
     D:9: 1233 daAuts
  Lair:4: 1233 daAuts
     D:1: 1215 daAuts
  Lair:5: 1160 daAuts
     D:8: 1139 daAuts
     D:7: 1130 daAuts
     D:3: 1114 daAuts
